 Dungeon Crawl Stone Soup version 0.30.1-9-gdf580d7c3d (webtiles) character file.

Game seed: 3723617840057648173

3009 arthad the Summoner (level 9, -10/40 HPs)
             Began as a Felid Summoner on Oct 8, 2023.
             Was an Initiate of Gozag.
             Killed from afar by Urug (16 damage)
             ... with a bolt of dispelling energy
             ... on level 10 of the Dungeon on Oct 10, 2023.
             The game lasted 00:36:16 (12612 turns).

arthad the Summoner (Felid Summoner)               Turns: 12612, Time: 00:36:17

Health: -10/40     AC:  2    Str: 10    XL:     9   Next: 54%
Magic:  5/20       EV: 21    Int: 22    God:    Gozag
Gold:   1724       SH:  0    Dex: 16    Spells: 9/22 levels left
                                        Lives:  0   Deaths: 3

rFire   . . .        (weapon unavailable)
rCold   . . .        (shield unavailable)
rNeg    . . .        (body armour unavailable)
rPois   .            (helmet unavailable)
rElec   .            (cloak unavailable)
rCorr   .            (gloves unavailable)
SInv    +            (boots unavailable)
Will    +....        (no amulet)
Stlth   ++++         y - +6 ring of strength
HPRegen 0.26/turn    (no ring)
MPRegen 0.17/turn

%: no passive effects
@: gold aura, quick
A: very small, claws 1, fangs 3, see invisible, speed 1, shaggy fur 2, stealthy
paws, no weapons or thrown items, no armour, multi-lived
a: Renounce Religion, Potion Petition, Call Merchant, Bribe Branch


You were on level 10 of the Dungeon.
You worshipped Gozag.
Gozag was most pleased with you.
You visited 2 branches of the dungeon, and saw 11 of its levels.
You also visited: Ossuary.

You collected 1902 gold pieces.
You paid 178 gold pieces to Gozag.

Inventory:

Armour
 A - the +3 pair of boots "Vaecum" {Int+2}
   (You found it on level 6 of the Dungeon)

   Int:       It affects your intelligence (+2).
Jewellery
 h - an amulet of guardian spirit
 y - a +6 ring of strength (left paw)
 F - a ring of see invisible
 H - a +6 ring of strength
Wands
 z - a wand of charming (1)
 D - a wand of mindburst (14)
 I - a wand of digging (1)
Scrolls
 a - 4 scrolls of teleportation
 b - a scroll of fear
 f - 3 scrolls of magic mapping
 g - 3 scrolls of immolation
 l - a scroll of silence {unknown}
 m - 3 scrolls of poison
 n - 2 scrolls of identify
 p - a scroll of enchant weapon {unknown}
 s - a scroll of brand weapon {unknown}
 u - a scroll of enchant armour
 v - 2 scrolls of fog
 w - 2 scrolls of amnesia {unknown}
 B - a scroll of blinking {unknown}
 C - a scroll of vulnerability {unknown}
Potions
 c - 4 potions of haste
 d - 7 potions of attraction
 e - a potion of invisibility
 i - a potion of mutation
 j - 4 potions of curing
 k - a potion of ambrosia
 o - a potion of flight
 q - a potion of lignification
 r - a potion of cancellation
 t - 2 potions of brilliance
 x - a potion of berserk rage {unknown}
 G - a potion of resistance {unknown}


   Skills:
 + Level 5.1 Fighting
 + Level 7.5 Dodging
 + Level 8.0 Stealth
 * Level 7.2 Spellcasting
 - Level 6.0 Hexes
 * Level 8.9 Summonings
 * Level 1.9 Transmutations
 * Level 6.4 Air Magic


You had 9 spell levels left.
You knew the following spells:

 Your Spells              Type           Power      Damage    Failure   Level
a - Summon Small Mammal   Summ           100%       N/A       1%          1
b - Call Imp              Summ           94%        N/A       1%          2
c - Call Canine Familiar  Summ           47%        N/A       1%          3
d - Summon Guardian Gole  Hex/Summ       40%        N/A       1%          3
e - Summon Lightning Spi  Summ/Air       41%        N/A       3%          4

Your spell library contained the following spells:

 Spells                   Type           Power      Damage    Failure   Level
 Freeze                   Ice            32%        1d5       9%          1
 Frozen Ramparts          Ice            16%        1d3       24%         3
 Hailstorm                Conj/Ice       8%         3d4       24%         3
 Storm Form               Tmut/Air       13%        N/A       100%        7
 Maxwell's Capacitive Co  Air            18%        ∞         100%        8


Dungeon Overview and Level Annotations

Branches:
Dungeon (10/15)            Temple (1/1) D:5            Lair (0/5) D:9
Ossuary (visited)
    Orc: D:9-12

Altars:
Ashenzari
Cheibriados
Dithmenos
Elyvilon
Fedhas
Gozag
Hepliaklqana
Kikubaaqudgha
Makhleb
Okawaru
Qazlal
Ru
Sif Muna
Trog
Uskayaw
Vehumet
Wu Jian
Xom
Yredelemnul
Zin
The Shining One

Shops:
D:1 :

Annotations:
D:10 Urug


Innate Abilities, Weirdness & Mutations

You have sharp claws.
You have razor-sharp teeth.
You have supernaturally acute eyesight. (SInv)
You cover ground quickly. (Speed+)
You are covered in thick fur. (AC +2)
Your paws help you pounce on unaware monsters.
You are incapable of wielding weapons or throwing items.
You cannot wear armour.
You gain extra lives every three experience levels.


Message History

Your guardian golem is engulfed in blazing flames.
Flame seeps out of your guardian golem.
Your guardian golem is engulfed in blazing flames.
Flame seeps out of your guardian golem.
Urug zaps a wand.
The bolt of dispelling energy hits your guardian golem!
Your guardian golem disappears in a puff of smoke!
The bolt of dispelling energy hits you!!
* * * LOW HITPOINT WARNING * * *
Your guardian golem explodes!
The fiery explosion engulfs the troll!!!
The troll dies!
Casting: Summon Lightning Spire (dangerous; 3% risk of failure)
Confirm with . or Enter, or press ? or * to list all spells.
A guardian golem appears, shielding your allies.
Urug zaps a wand.
The bolt of dispelling energy hits your wolf.
Your wolf's magical effects unravel!
The bolt of dispelling energy misses you.
Casting: Summon Guardian Golem (safe; 1% risk of failure)
Confirm with . or Enter, or press ? or * to list all spells.
Your wolf disappears in a puff of smoke!
Casting: Call Canine Familiar (safe; 1% risk of failure)
Confirm with . or Enter, or press ? or * to list all spells.
An electric hum fills the air.
You swap places.
What are your orders? t - Meow!
Orders for allies: a - Attack new target. r - Retreat! s - Stop attacking. g - Guard the area. f - Follow me.
Anything else - Cancel.
Gang up on whom?
Press: ? - help, Dir - move target, f - Urug
Aim: Urug, wielding a +6 double sword, wearing a +0 ring mail, quivering javelins and carrying a wand of quicksilver (3) Attack!
Urug zaps a wand.
The bolt of dispelling energy hits your lightning spire!
Your lightning spire's magical effects unravel!
The bolt of dispelling energy hits you!
You die...
Your body crumbles into a pile of gold.

....##### ####+########
........#####............
...#....#...#..##....... .
...#....'...#..##.........
...#....#...'..##...##....
........#...#.............
........#...#.............
...###'##...#.....#########
##.#...#....#...@.'...(....
#.#...#....#..9..#........
#.'...#....#.h8..#........
##.#...##...#.....########.
...#...##...##o#### ....#
####...##...##§.§8#......
#...##...##§§§.'.....#
#...# #..o.#.....# #...#
#....# .....


You could see Urug (ally target), a friendly guardian golem (summoned), a
friendly wolf (summoned, sheltered) and a friendly lightning spire (summoned).

Vanquished Creatures
  An orc (D:7)
  A goblin (D:1)
  A hobgoblin (D:1)
  A jackal (D:1)
  A kobold (D:6)
5 creatures vanquished.

Vanquished Creatures (collateral kills)
  A two-headed ogre (D:8)
  Maurice (D:8)
  Maggie (D:8)
  Psyche (D:8)
  4 yaks (D:9)
  Grum (D:8)
  A steam dragon (D:8)
  An acid dragon (D:9)
  A water moccasin (D:8)
  A sky beast (D:8)
  3 black bears
  An ice beast (D:6)
  An ogre (D:6)
  2 wolves (D:8)
  5 kobold brigands
  Blork the orc (D:4)
  3 bullfrogs
  8 howler monkeys
  3 orc priests
  A gnoll bouda (D:8)
  4 hounds
  4 iguanas
  A sleepcap (D:4)
  8 orc wizards
  6 mummies
  17 gnolls
  5 adders
  A white imp (D:7)
  An ufetubus (D:6)
  A worm (D:2)
  3 dart slugs
  34 orcs
  6 ball pythons
  4 endoplasms
  6 giant cockroaches
  7 goblins
  9 hobgoblins
  5 jackals
  3 quokkas
  4 bats
  2 frilled lizards
  3 gnoll zombies (Ossuary)
  A goblin zombie (D:4)
  2 hobgoblin zombies (Ossuary)
  24 kobolds
  2 kobold zombies
  5 rats
209 creatures vanquished.

Vanquished Creatures (others)
  A two-headed ogre (D:8)
  A troll (D:10)
  Prince Ribbit (D:9)
  A yak (D:9)
  A steam dragon (D:6)
  Menkaure (D:4)
  A water moccasin (D:8)
  A centaur (D:9)
  A gnoll sergeant (D:6)
  A bullfrog (D:8)
  A sleepcap (D:6)
  3 orc wizards (D:5)
  An iguana (D:5)
  3 mummies (Ossuary)
  4 gnolls
  An adder (D:6)
  2 orcs
  3 kobolds
  A kobold zombie (Ossuary)
  An orc zombie (Ossuary)
30 creatures vanquished.

Grand Total: 244 creatures vanquished

Notes
Turn   | Place    | Note
-------+----------+-------------------------------------------
     0 | D:1      | arthad the Felid Summoner began the quest for the Orb.
     0 | D:1      | Reached XP level 1. HP: 7/7 MP: 4/4
   312 | D:1      | Reached XP level 2. HP: 11/11 MP: 3/6
   560 | D:1      | Learned a level 2 spell: Call Imp
   862 | D:1      | Reached XP level 3. HP: 14/14 MP: 3/7
  1140 | D:1      | Found Mizxos's Book Emporium.
  1818 | D:2      | Learned a level 3 spell: Call Canine Familiar
  2312 | D:2      | Reached XP level 4. HP: 18/18 MP: 4/8
  3045 | D:3      | Reached skill level 1 in Hexes
  3136 | D:3      | Reached XP level 5. HP: 21/21 MP: 2/10
  3140 | D:3      | Learned a level 3 spell: Summon Guardian Golem
  3391 | D:3      | Found a faded altar of an unknown god.
  3929 | D:4      | Noticed Blork the orc
  3954 | D:4      | Killed Blork the orc
  3955 | D:4      | Reached skill level 1 in Fighting
  3955 | D:4      | Reached skill level 5 in Summonings
  3955 | D:4      | Reached skill level 1 in Air Magic
  4121 | D:4      | Found a sand-covered staircase.
  4207 | Ossuary  | Entered an ossuary
  4273 | Ossuary  | Gained mutation: You are covered in thick fur. (AC +2)
                  | [Felid growth]
  4273 | Ossuary  | Reached XP level 6. HP: 25/25 MP: 5/11
  4833 | D:4      | Noticed Menkaure
  4844 | D:4      | Killed Menkaure
  4845 | D:4      | Reached XP level 7. HP: 30/30 MP: 2/13
  5455 | D:5      | Entered Level 5 of the Dungeon
  5481 | D:5      | Found a staircase to the Ecumenical Temple.
  5587 | D:4      | Learned a level 4 spell: Summon Lightning Spire
  5797 | D:5      | Found a snail-covered altar of Cheibriados.
  6286 | Temple   | Entered the Ecumenical Temple
  6475 | D:5      | Found a burning altar of Makhleb.
  6579 | D:5      | Found a blossoming altar of Fedhas.
  6583 | D:5      | Found a radiant altar of Vehumet.
  6726 | D:5      | Found a white marble altar of Elyvilon.
  6728 | D:5      | Found a shadowy altar of Dithmenos.
  6732 | D:5      | Found a shimmering altar of Xom.
  6989 | D:6      | Reached skill level 5 in Stealth
  7152 | D:6      | Reached XP level 8. HP: 28/34 MP: 3/15
  7344 | D:6      | Reached skill level 5 in Dodging
  7368 | D:6      | Identified the +3 pair of boots "Vaecum" {Int+2}
  7997 | D:6      | Reached skill level 5 in Spellcasting
  8341 | D:6      | Noticed a deep elf zephyrmancer
  8347 | D:6      | Killed from afar by a deep elf zephyrmancer
  8348 | D:6      | Reached XP level 7. HP: -17/31 MP: 6/15
  8381 | D:6      | Killed from afar by a deep elf zephyrmancer
  8382 | D:6      | Reached XP level 6. HP: -1/28 MP: 11/14
  8767 | D:7      | Found a broken altar of Ashenzari.
  8893 | D:7      | Reached XP level 7. HP: 31/31 MP: 8/15
  8981 | D:7      | Found an opulent altar of Gozag.
  9001 | D:7      | Became a worshipper of Gozag Ym Sagoz the Greedy
  9956 | D:7      | Found an ornate altar of the Wu Jian Council.
 10023 | D:8      | Noticed Maurice
 10039 | D:8      | Killed Maurice
 10040 | D:8      | Reached skill level 5 in Hexes
 10040 | D:8      | Reached XP level 8. HP: 22/36 MP: 7/17
 10106 | D:8      | Identified a scroll of acquirement
 10107 | D:8      | Acquired 690 gold pieces
 10237 | D:8      | Noticed a two-headed ogre
 10241 | D:8      | Killed a two-headed ogre
 10242 | D:8      | Reached skill level 5 in Air Magic
 10242 | D:8      | Reached XP level 9. HP: 39/39 MP: 8/19
 10379 | D:8      | Noticed Psyche
 10390 | D:8      | Killed Psyche
 10614 | D:8      | Noticed Grum
 10624 | D:8      | Killed Grum
 10787 | D:8      | Noticed Maggie
 10798 | D:8      | Killed Maggie
 11300 | D:9      | Noticed a two-headed ogre
 11316 | D:9      | Noticed Prince Ribbit
 11531 | D:9      | Killed Prince Ribbit
 11661 | D:8      | Reached XP level 10. HP: 7/43 MP: 15/21
 11664 | D:8      | Killed a two-headed ogre
 11917 | D:9      | Acquired a book of the Sky
 12014 | D:9      | Found a staircase to the Lair.
 12071 | D:9      | Reached skill level 5 in Fighting
 12071 | D:9      | Reached skill level 1 in Transmutations
 12268 | D:9      | Found a stormy altar of Qazlal.
 12523 | D:10     | Entered Level 10 of the Dungeon
 12530 | D:10     | Shot with an arrow by a centaur
 12531 | D:10     | Reached XP level 9. HP: -2/40 MP: 11/20
 12596 | D:10     | Noticed Urug
 12596 | D:10     | Noticed a troll
 12605 | D:10     | Killed a troll
 12612 | D:10     | Killed from afar by Urug

Illustrated notes

Levels and vault maps discovered:
D:1:      dpeg_arrival_boxorama, layout_basic, serial_shops,
          nicolae_shop_tiny_real_fake_doors, minmay_worlds_worst_comb
D:2:      layout_loops_cross
D:3:      layout_loops_ring, nicolae_ecumenical_lake_church, minmay_cupped
D:4:      layout_basic, nicolae_ossuary_entry_giza, uniq_menkaure,
          uniq_blork_the_orc
D:5:      layout_rooms, nicolae_overflow_hidden_temple,
          minmay_overflow_temple_star_quad, cheibriados_altar_1,
          minmay_temple_entry_stoned_glass
D:6:      minmay_angry_zag, layout_basic, guppyfry_early_elven_hall
D:7:      layout_basic, nicolae_ashenzari_skybound,
          nicolae_wu_jian_immortal_techniques, mainiacjoe_overflow_tiny_flanked
D:8:      layout_loops_ring, uniq_psyche, uniq_maurice, uniq_grum, uniq_maggie
D:9:      layout_cave_pools, nicolae_qazlal_scattered_showers, lair_entry_dummy,
          chequers_serial_rivers_micro_b, uniq_prince_ribbit1
D:10:     layout_stronghold, nemelex_spade_bored_becter, uniq_urug, uniq_sonja
Temple:   compressed_dpeg_circular_temple

Skill      XL: |  1  2  3  4  5  6  7  8  9 10 |
---------------+-------------------------------+-----
Dodging        | 3 4 6 5 7 |  7.5
Stealth        | 3 4 6 7 8 |  8.0
Hexes          | 1 2 5 4 6 |  6.0
Spellcasting   | 3 4 6 7 |  7.2
Fighting       | 1 2 4 5 |  5.1
Summonings     | 5 7 8 |  8.9
Air Magic      | 1 4 5 6 |  6.4
Transmutations | 1 |  1.9

Action                     |  1- 3 |  4- 6 |  7- 9 | 10-12 || total
---------------------------+-------+-------+-------+-------++-------
  Melee: Unarmed           |    17 |     8 |    19 |     2 ||    46
         Bite              |     2 |     2 |     3 |       ||     7
         Punch             |       |       |     1 |       ||     1
   Cast: Summon Small Mamm |    59 |    22 |    18 |     1 ||   100
         Call Imp          |    15 |    15 |    23 |     1 ||    54
         Call Canine Famil |     3 |    25 |    51 |     5 ||    84
         Summon Guardian G |       |     8 |    45 |     6 ||    59
         Summon Lightning  |       |     6 |    32 |     5 ||    43
  Evoke: Wand              |       |       |     1 |       ||     1
    Use: Scroll            |       |    10 |     7 |     3 ||    20
         Potion            |       |     3 |     5 |       ||     8
   Stab: Distracted        |       |     1 |       |       ||     1
 Armour: Skin              |     3 |       |     3 |       ||     6
  Dodge: Dodged            |    24 |    13 |    94 |     3 ||   134
